DSL
DSL ARIZONA DIAMONDBACKS @ DSL MEXICO CITY PADRES
04/26/2042
 
TOP OF THE 1ST
DSL Arizona Diamondbacks batting - Pitching for DSL Mexico City Padres : RHP Greg Miller
Pitching: RHP Greg Miller
Batting: RHB José León 0-0: Foul Ball, location: 2F
0-1: Ball
1-1: Ball
2-1: Ball
3-1: Base on Balls
Batting: LHB David Warmisch 0-0: Sac Bunt to 3S - play at first, batter safe!
José León to second
Batting: RHB Sean Mitchell 0-0: 3-RUN HOME RUN (Line Drive, 8LXD, EV 113.1 MPH), Distance : 456 ft
Batting: LHB José Herrera 0-0: Called Strike
0-1: Swinging Strike
0-2: Ball
1-2: Ball
2-2: Foul Ball, location: 2F
2-2: Strikes out swinging
Batting: LHB Bob Metcalf 0-0: SINGLE (Groundball, 6M, EV 84.4 MPH) (infield hit)
Batting: RHB Ed Bell 0-0: Grounds into double play, 4-6-3 (Groundball, 4M, EV 102.5 MPH)
Top of the 1st over - 3 runs, 3 hits, 0 errors, 0 left on base; DSL Arizona 3 - DSL Mexico City 0
BOTTOM OF THE 1ST
DSL Mexico City Padres batting - Pitching for DSL Arizona Diamondbacks : RHP Gilberto Vázquez
Pitching: RHP Gilberto Vázquez
Batting: SHB Esteban Méndez 0-0: Called Strike
0-1: Called Strike
0-2: Ball
1-2: Strikes out swinging
Batting: LHB Myron Greene 0-0: Ball
1-0: Ball
2-0: Swinging Strike
2-1: Foul Ball, location: 23F
2-2: Strikes out swinging
Batting: RHB Luis León 0-0: Called Strike
0-1: Ball
1-1: Called Strike
1-2: Strikes out swinging
Bottom of the 1st over - 0 runs, 0 hits, 0 errors, 0 left on base; DSL Arizona 3 - DSL Mexico City 0
TOP OF THE 2ND
DSL Arizona Diamondbacks batting - Pitching for DSL Mexico City Padres : RHP Greg Miller
Batting: RHB José Rivera 0-0: Called Strike
0-1: Called Strike
0-2: Ground out 4-3 (Groundball, 4M, EV 98.8 MPH)
Batting: RHB Norberto Vega 0-0: Called Strike
0-1: Foul Ball, location: 2F
0-2: Strikes out swinging
Batting: RHB Chris Hull 0-0: DOUBLE (Line Drive, 3D, EV 96.3 MPH)
Batting: RHB José León 0-0: Ball
1-0: Ground out 1-3 (Groundball, 25, EV 70.0 MPH)
Top of the 2nd over - 0 runs, 1 hit, 0 errors, 1 left on base; DSL Arizona 3 - DSL Mexico City 0
BOTTOM OF THE 2ND
DSL Mexico City Padres batting - Pitching for DSL Arizona Diamondbacks : RHP Gilberto Vázquez
Batting: RHB Don Hatch 0-0: Called Strike
0-1: Foul Ball, location: 2F
0-2: Strikes out swinging
Batting: SHB Ben Gibbs 0-0: Ball
1-0: Ball
2-0: Called Strike
2-1: Foul Ball, location: 3FF
2-2: Strikes out swinging
Batting: SHB António García 0-0: Called Strike
0-1: Ball
1-1: Ball
2-1: Called Strike
2-2: Foul Ball, location: 2F
2-2: Foul Ball, location: 25F
2-2: Foul Ball, location: 2F
2-2: Strikes out swinging
Bottom of the 2nd over - 0 runs, 0 hits, 0 errors, 0 left on base; DSL Arizona 3 - DSL Mexico City 0
TOP OF THE 3RD
DSL Arizona Diamondbacks batting - Pitching for DSL Mexico City Padres : RHP Greg Miller
Batting: LHB David Warmisch 0-0: Ball
1-0: Ball
2-0: Ball
3-0: Swinging Strike
3-1: Called Strike
3-2: Foul Ball, location: 5FF
3-2: Foul Ball, location: 2F
3-2: Strikes out swinging
Batting: RHB Sean Mitchell 0-0: Called Strike
0-1: Foul Ball, location: 2F
0-2: Strikes out swinging
Batting: LHB José Herrera 0-0: Ball
1-0: Foul Ball, location: 7LMF
1-1: Foul Ball, location: 23F
1-2: Foul Ball, location: 7LMF
1-2: Foul Ball, location: 2F
1-2: Ball
2-2: Foul Ball, location: 5F
2-2: SINGLE (Flyball, 4MD, EV 91.3 MPH)
Batting: LHB Bob Metcalf 0-0: Foul Ball, location: 2F
0-1: Foul Ball, location: 2F
0-2: Ball
1-2: Ball
José Herrera is caught stealing 2nd base 2-6
Top of the 3rd over - 0 runs, 1 hit, 0 errors, 0 left on base; DSL Arizona 3 - DSL Mexico City 0
BOTTOM OF THE 3RD
DSL Mexico City Padres batting - Pitching for DSL Arizona Diamondbacks : RHP Gilberto Vázquez
Batting: LHB José Chávez 0-0: Foul Ball, location: 25F
0-1: Foul Ball, location: 2F
0-2: Foul Ball, location: 23FF
0-2: Strikes out swinging
Batting: SHB Bernardo Minotes 0-0: Ball
1-0: Ball
2-0: Called Strike
2-1: Swinging Strike
2-2: Foul Ball, location: 2F
2-2: Strikes out swinging
Batting: RHB Jim Unknown 0-0: Foul Ball, location: 3F
0-1: Ball
1-1: Called Strike
1-2: Foul Ball, location: 2F
1-2: Foul Ball, location: 5DF
1-2: Foul Ball, location: 23F
1-2: Ball
2-2: Ball
3-2: Strikes out swinging
Bottom of the 3rd over - 0 runs, 0 hits, 0 errors, 0 left on base; DSL Arizona 3 - DSL Mexico City 0
TOP OF THE 4TH
DSL Arizona Diamondbacks batting - Pitching for DSL Mexico City Padres : RHP Greg Miller
Batting: LHB Bob Metcalf 0-0: Called Strike
0-1: SINGLE (Groundball, 6MD, EV 103.8 MPH)
Batting: RHB Ed Bell 0-0: Bunted foul
0-1: Bunted foul
0-2: Ball
1-2: Foul Ball, location: 3DF
1-2: Ball
2-2: Ball
3-2: Base on Balls
Bob Metcalf to second
Batting: RHB José Rivera 0-0: Ball
1-0: Foul Ball, location: 9LSF
1-1: Foul Ball, location: 9LDF
1-2: Ball
2-2: 3-RUN HOME RUN (Line Drive, 7LD, EV 96.9 MPH), Distance : 364 ft
Pitching: LHP Steve Wright
Batting: RHB Norberto Vega 0-0: Fly out, F8 (Flyball, 8LD, EV 91.9 MPH)
Batting: RHB Chris Hull 0-0: Ball
1-0: Swinging Strike
1-1: Fly out, F3 (Line Drive, 3L, EV 65.0 MPH)
Batting: RHB José León 0-0: Called Strike
0-1: Foul Ball, location: 23FF
0-2: Ball
1-2: Foul Ball, location: 2F
1-2: Foul Ball, location: 3FF
1-2: Foul Ball, location: 7LSFF
1-2: Strikes out swinging
Top of the 4th over - 3 runs, 2 hits, 0 errors, 0 left on base; DSL Arizona 6 - DSL Mexico City 0
BOTTOM OF THE 4TH
DSL Mexico City Padres batting - Pitching for DSL Arizona Diamondbacks : RHP Gilberto Vázquez
Batting: SHB Esteban Méndez 0-0: Foul Ball, location: 2F
0-1: Swinging Strike
0-2: Ball
1-2: Foul Ball, location: 3FF
1-2: Strikes out swinging
Batting: LHB Myron Greene 0-0: Ball
1-0: Swinging Strike
1-1: Ball
2-1: Ground out 4-3 (Groundball, 34D, EV 77.5 MPH)
Batting: RHB Luis León 0-0: Ball
1-0: Foul Ball, location: 3F
1-1: Called Strike
1-2: Ground out 6-3 (Groundball, 6, EV 97.5 MPH)
Bottom of the 4th over - 0 runs, 0 hits, 0 errors, 0 left on base; DSL Arizona 6 - DSL Mexico City 0
TOP OF THE 5TH
DSL Arizona Diamondbacks batting - Pitching for DSL Mexico City Padres : LHP Steve Wright
Batting: LHB David Warmisch 0-0: Ball
1-0: SINGLE (Line Drive, 34, EV 105.6 MPH)
Batting: RHB Sean Mitchell 0-0: Ball
1-0: Ball
David Warmisch is caught stealing 2nd base 2-4
2-0: Ball
3-0: Called Strike
3-1: Foul Ball, location: 2F
3-2: Foul Ball, location: 25FF
3-2: Foul Ball, location: 2F
3-2: Base on Balls
Batting: LHB José Herrera 0-0: Foul Ball, location: 2F
0-1: Ball
1-1: Called Strike
1-2: DOUBLE (Flyball, 8RXD, EV 93.1 MPH)
Sean Mitchell to third
Runner from 3rd tries for Home, SAFE, throw by CF to home
Batting: LHB Bob Metcalf 0-0: Ball
1-0: Swinging Strike
1-1: Ball
2-1: Ball
3-1: Base on Balls
Pitching: RHP Eric Pugh
Batting: RHB Ed Bell 0-0: Called Strike
0-1: Ball
1-1: Ball
2-1: Ball
3-1: Base on Balls
José Herrera to third
Bob Metcalf to second
Batting: RHB José Rivera 0-0: Called Strike
0-1: Swinging Strike
0-2: Foul Ball, location: 7LSF
0-2: Strikes out swinging
Batting: RHB Norberto Vega 0-0: Ball
1-0: Swinging Strike
1-1: Ball
2-1: Foul Ball, location: 9LMF
2-2: Ball
3-2: Base on Balls
José Herrera scores
Bob Metcalf to third
Ed Bell to second
Batting: RHB Chris Hull 0-0: Ground out 5-3 (Groundball, 56S, EV 89.4 MPH)
Top of the 5th over - 2 runs, 2 hits, 0 errors, 3 left on base; DSL Arizona 8 - DSL Mexico City 0
BOTTOM OF THE 5TH
DSL Mexico City Padres batting - Pitching for DSL Arizona Diamondbacks : RHP Gilberto Vázquez
Batting: RHB Don Hatch 0-0: Called Strike
0-1: Called Strike
0-2: Ball
1-2: Foul Ball, location: 5FF
1-2: Strikes out swinging
Batting: SHB Ben Gibbs 0-0: Ball
1-0: Ball
2-0: Foul Ball, location: 2F
2-1: Foul Ball, location: 2LF
2-2: Foul Ball, location: 7LSF
2-2: Foul Ball, location: 2F
2-2: Strikes out swinging
Batting: SHB António García 0-0: Fly out, F4 (Line Drive, 4MD, EV 65.0 MPH)
Bottom of the 5th over - 0 runs, 0 hits, 0 errors, 0 left on base; DSL Arizona 8 - DSL Mexico City 0
TOP OF THE 6TH
DSL Arizona Diamondbacks batting - Pitching for DSL Mexico City Padres : RHP Eric Pugh
Batting: RHB José León 0-0: Ball
1-0: Called Strike
1-1: Ball
2-1: Foul Ball, location: 5F
2-2: Ball
3-2: SINGLE (Line Drive, 6D, EV 105.0 MPH)
Batting: LHB David Warmisch 0-0: Fly out, F7 (Flyball, 7, EV 85.0 MPH)
Pitching: RHP Tony De La Cruz
Batting: RHB Sean Mitchell 0-0: Swinging Strike
0-1: Ball
1-1: Grounds into double play, 6-4-3 (Groundball, 6, EV 82.5 MPH)
Top of the 6th over - 0 runs, 1 hit, 0 errors, 0 left on base; DSL Arizona 8 - DSL Mexico City 0
BOTTOM OF THE 6TH
DSL Mexico City Padres batting - Pitching for DSL Arizona Diamondbacks : RHP Gilberto Vázquez
Batting: LHB José Chávez 0-0: Ball
1-0: Ball
2-0: Called Strike
2-1: Swinging Strike
2-2: Foul Ball, location: 5F
2-2: Foul Ball, location: 2F
2-2: Foul Ball, location: 3DF
2-2: Ball
3-2: Strikes out swinging
Batting: SHB Bernardo Minotes 0-0: Ball
1-0: Ball
2-0: Foul Ball, location: 7LDF
2-1: Swinging Strike
2-2: Strikes out swinging
Batting: RHB Jim Unknown 0-0: Called Strike
0-1: Called Strike
0-2: Strikes out swinging
Bottom of the 6th over - 0 runs, 0 hits, 0 errors, 0 left on base; DSL Arizona 8 - DSL Mexico City 0
TOP OF THE 7TH
DSL Arizona Diamondbacks batting - Pitching for DSL Mexico City Padres : RHP Tony De La Cruz
Pinch Hitting: RHB Mauro González 0-0: Ground out 1-3 (Groundball, 13, EV 71.3 MPH)
Pinch Hitting: RHB José Ramos 0-0: Foul Ball, location: 2F
0-1: Ball
1-1: Swinging Strike
1-2: Ball
2-2: Ball
3-2: Base on Balls
Batting: RHB Ed Bell 0-0: Ball
1-0: Ball
2-0: DOUBLE (Line Drive, 9LD, EV 108.8 MPH)
José Ramos to third
Runner from 3rd tries for Home, SAFE, no throw by RF
Pinch Hitting: LHB Shaun Park 0-0: Called Strike
0-1: Swinging Strike
0-2: DOUBLE (Line Drive, 5D, EV 98.1 MPH)
Ed Bell scores
Pinch Hitting: RHB Lazzaro Pérez 0-0: DOUBLE (Flyball, 89D, EV 111.3 MPH)
Shaun Park scores
Pinch Hitting: RHB Juan Salinas 0-0: Foul Ball, location: 5F
0-1: Fly out, F4 (Popup, 34D, EV 54.4 MPH)
Pinch Hitting: SHB Josh Hoover 0-0: Ball
1-0: Swinging Strike
1-1: Ball
2-1: Ball
3-1: Base on Balls
Batting: LHB David Warmisch 0-0: Swinging Strike
0-1: Ball
1-1: Ball
2-1: Ball
3-1: Base on Balls
Lazzaro Pérez to third
Josh Hoover to second
Pinch Hitting: RHB César Javier 0-0: Ball
1-0: Called Strike
1-1: Ball
2-1: SINGLE (Groundball, 4, EV 98.8 MPH) (infield hit)
Lazzaro Pérez scores
Josh Hoover to third
David Warmisch to second
Batting: RHB Mauro González 0-0: Swinging Strike
0-1: Foul Ball, location: 2F
0-2: Strikes out looking
Top of the 7th over - 4 runs, 4 hits, 0 errors, 3 left on base; DSL Arizona 12 - DSL Mexico City 0
BOTTOM OF THE 7TH
DSL Mexico City Padres batting - Pitching for DSL Arizona Diamondbacks : RHP Gilberto Vázquez
Now at 1B: Jorge Colomo
Now at 2B: Shaun Park
Now at 3B: Lazzaro Pérez
Now at SS: Juan Salinas
Now in LF: César Javier
Now in CF: Josh Hoover
Now in RF: José Ramos
Pinch Hitting: RHB Jim Unknown 0-0: Called Strike
0-1: Ball
1-1: Foul Ball, location: 23F
1-2: Foul Ball, location: 3FF
1-2: Ball
2-2: Ball
3-2: Strikes out swinging
Batting: LHB Myron Greene 0-0: Swinging Strike
0-1: Ball
1-1: Swinging Strike
1-2: Strikes out swinging
Batting: RHB Luis León 0-0: Swinging Strike
0-1: Swinging Strike
0-2: Ball
1-2: Strikes out swinging
Bottom of the 7th over - 0 runs, 0 hits, 0 errors, 0 left on base; DSL Arizona 12 - DSL Mexico City 0
TOP OF THE 8TH
DSL Arizona Diamondbacks batting - Pitching for DSL Mexico City Padres : RHP Tony De La Cruz
Now at 3B: Jim Unknown
Pinch Hitting: LHB Kevin Payne 0-0: Ball
1-0: DOUBLE (Line Drive, 89M, EV 98.8 MPH)
Batting: RHB Ed Bell 0-0: Called Strike
0-1: Foul Ball, location: 2F
0-2: Ball
1-2: Foul Ball, location: 5DF
1-2: Ground out 6-3 (Groundball, 6, EV 84.4 MPH)
Batting: LHB Shaun Park 0-0: Fly out, F8 (Flyball, 8LS, EV 92.5 MPH)
Batting: RHB Lazzaro Pérez 0-0: Ball
1-0: Swinging Strike
1-1: Ball
2-1: Foul Ball, location: 2F
2-2: Strikes out swinging
Top of the 8th over - 0 runs, 1 hit, 0 errors, 1 left on base; DSL Arizona 12 - DSL Mexico City 0
BOTTOM OF THE 8TH
DSL Mexico City Padres batting - Pitching for DSL Arizona Diamondbacks : RHP Gilberto Vázquez
Now in RF: Luis Flores
Pinch Hitting: LHB Jim Unknown 0-0: Ball
1-0: Ball
2-0: Foul Ball, location: 7LDF
2-1: Foul Ball, location: 2F
2-2: Strikes out looking
Batting: SHB Ben Gibbs 0-0: Ground out 4-3 (Groundball, 4, EV 86.9 MPH)
Batting: SHB António García 0-0: Swinging Strike
0-1: Ball
1-1: Foul Ball, location: 9LMFF
1-2: Foul Ball, location: 2F
1-2: Strikes out swinging
Bottom of the 8th over - 0 runs, 0 hits, 0 errors, 0 left on base; DSL Arizona 12 - DSL Mexico City 0
TOP OF THE 9TH
DSL Arizona Diamondbacks batting - Pitching for DSL Mexico City Padres : RHP Tony De La Cruz
Now in CF: Jim Unknown
Pinch Hitting: LHB Bruno Hughes 0-0: Ball
1-0: Ball
2-0: Called Strike
2-1: Foul Ball, location: 2F
2-2: Strikes out swinging
Pinch Hitting: SHB António Deleón 0-0: Ball
1-0: Ball
2-0: Ball
3-0: Called Strike
3-1: Foul Ball, location: 7LSF
3-2: Base on Balls
Pitching: LHP Chris Battle
Batting: RHB César Bermúdez 0-0: Swinging Strike
0-1: Foul Ball, location: 7LMF
0-2: Strikes out swinging
Pinch Hitting: RHB Luis García 0-0: Foul Ball, location: 2F
0-1: Swinging Strike
0-2: Strikes out swinging
Top of the 9th over - 0 runs, 0 hits, 0 errors, 1 left on base; DSL Arizona 12 - DSL Mexico City 0
BOTTOM OF THE 9TH
DSL Mexico City Padres batting - Pitching for DSL Arizona Diamondbacks : RHP Gilberto Vázquez
Now at SS: Bruno Hughes
Now in LF: Luis Flores
Now in CF: Luis García
Now in RF: António Deleón
Pinch Hitting: LHB Oliver Amaya 0-0: Ball
1-0: Called Strike
1-1: Swinging Strike
1-2: DOUBLE (Line Drive, 78M, EV 91.9 MPH)
Pitching: LHP Tim Hunter
Pinch Hitting: RHB Jim Unknown 0-0: Called Strike
0-1: Ball
1-1: Ball
2-1: Ball
3-1: Swinging Strike
3-2: Foul Ball, location: 9LSF
3-2: Strikes out swinging
Batting: RHB Jim Unknown 0-0: Fly out, F9 (Flyball, 89M, EV 85.6 MPH)
Batting: RHB Jim Unknown 0-0: SINGLE (Groundball, 2R, EV 68.1 MPH) (infield hit)
Oliver Amaya to third
Batting: LHB Myron Greene 0-0: Ball
1-0: Called Strike
1-1: Called Strike
1-2: Ball
2-2: Strikes out swinging
Bottom of the 9th over - 0 runs, 2 hits, 0 errors, 2 left on base; DSL Arizona 12 - DSL Mexico City 0
Monday, April 29th , 2024 - OOTP Baseball 24.10 Build 82